 Dungeon Crawl Stone Soup version 0.29-a0-344-ge2f44be95a (webtiles) character file.

Game seed: 10968616681468406365

73 Jortsu the Skirmisher (level 4, -1/48 HPs)
             Began as an Ogre Fighter on Apr 21, 2022.
             Slain by Grinder (7 damage)
             ... while paralysed by Grinder
             ... on level 3 of the Dungeon.
             The game lasted 00:02:50 (1777 turns).

Jortsu the Skirmisher (Ogre Fighter)                Turns: 1777, Time: 00:02:50

Health: -1/48      AC:  3    Str: 22    XL:     4   Next: 27%
Magic:  4/4        EV:  1    Int:  9    God:
Gold:   178        SH:  0    Dex:  8    Spells: 3/3 levels left

rFire   . . .      SeeInvis .   a - +0 flail
rCold   . . .      Faith    .   c - +0 kite shield
rNeg    . . .      Spirit   .   b - +0 robe
rPois   .          Reflect  .   (helmet restricted)
rElec   .          Harm     .   (no cloak)
rCorr   .          Rampage  .   (gloves unavailable)
Will    .....                   (boots unavailable)
Stlth   +.........              (no amulet)
HPRegen 0.16/turn               (no ring)
MPRegen 0.09/turn               (no ring)

@: paralysed
A: large, unfitting armour, tough skin 1
a: no special abilities


You were on level 3 of the Dungeon.
You visited 1 branch of the dungeon, and saw 3 of its levels.

You collected 238 gold pieces.
You spent 60 gold pieces at shops.

Inventory:

Hand Weapons
 a - a +0 flail (weapon)
Armour
 b - a +0 robe (worn)
 c - a +0 kite shield (worn)
Scrolls
 e - a scroll of fog
 g - a scroll of immolation
 j - 2 scrolls of vulnerability
Potions
 d - 2 potions of might
 k - a potion of flight
 l - a potion of curing


   Skills:
 + Level 4.3 Fighting
 + Level 2.8 Maces & Flails
 + Level 3.4 Dodging
 + Level 0.2 Stealth
 + Level 3.0 Shields


You had 3 spell levels left.
You didn't know any spells.
Your spell library contained the following spells:

 Spells                   Type           Power      Damage    Failure   Level
 Dazzling Flash           Conj/Hex       0%         N/A       96%         3
 Iskenderun's Mystic Bla  Conj/Tloc      0%         2d3       100%        4
 Starburst                Conj/Fire      0%         6d3       100%        6
 Borgnjor's Revivificati  Necr           0%         N/A       100%        8
 Necromutation            Tmut/Necr      0%         N/A       100%        8
 Death's Door             Necr           0%         N/A       100%        9


Dungeon Overview and Level Annotations

Branches:
Dungeon (3/15)

Altars:

Shops:
D:2 *

Annotations:
D:3 Grinder


Innate Abilities, Weirdness & Mutations

You are too large for most types of armour.
You have tough skin. (AC +1)


Message History

You block Grinder's attack.
You sock Grinder!
Grinder is moderately wounded.
Grinder hits you but does no damage. Grinder barely misses you.
You hit Grinder.
Grinder is moderately wounded.
Grinder gestures at you. Pain shoots through your body!
You sock Grinder!
Grinder is heavily wounded.
You block Grinder's attack.
You hit Grinder.
Grinder is severely wounded.
Grinder hits you! You block Grinder's attack.
You closely miss Grinder.
Grinder is severely wounded.
Grinder gestures at you. Pain shoots through your body!
You barely miss Grinder.
Grinder is severely wounded.
Grinder hits you but does no damage.
You barely miss Grinder.
Grinder is severely wounded.
Grinder hits you.
You writhe in agony.
Grinder says, "Just stop there for a second..."
Grinder hits you.
You writhe in agony.
You barely miss Grinder.
Grinder is severely wounded.
Grinder says, "Just stop there for a second..."
Grinder gestures at you.
You suddenly lose the ability to move!
Grinder gestures at you. Pain shoots through your body!
* * * LOW HITPOINT WARNING * * *
Grinder gestures at you.
You barely resist. Grinder hits you.
* * * LOW HITPOINT WARNING * * *
Grinder hits you!
You die...

.....# ###.....#
........## .........#
.........#######
...............#########
...............'@5......
...............#########
...............#
...............#
..#.####..†....# ###.#
#.......# #.####.......#
#........#####
##########


You could see Grinder.

Vanquished Creatures
  A worm (D:2)
  A dart slug (D:1)
  6 ball pythons
  3 endoplasms
  3 giant cockroaches
  8 goblins
  4 hobgoblins
  6 jackals (D:1)
  9 kobolds
  2 quokkas
  5 bats
  2 frilled lizards
  9 rats
59 creatures vanquished.

Notes
Turn   | Place    | Note
-------+----------+-------------------------------------------
     0 | D:1      | Jortsu the Ogre Fighter began the quest for the Orb.
     0 | D:1      | Reached XP level 1. HP: 24/24 MP: 1/1
   159 | D:1      | Reached XP level 2. HP: 32/32 MP: 2/2
   536 | D:1      | Reached XP level 3. HP: 39/39 MP: 3/3
  1081 | D:2      | Found Zuxt's Assorted Antiques.
  1087 | D:2      | Bought 2 scrolls labelled WEMOHO VAKLUOH for 60 gold pieces
  1310 | D:2      | Reached XP level 4. HP: 37/48 MP: 4/4
  1763 | D:3      | Noticed Grinder
  1773 | D:3      | Paralysed by Grinder for 7 turns
  1777 | D:3      | Slain by Grinder

Illustrated notes

Levels and vault maps discovered:
D:1:      tarquinn_simple_flora_water_f, layout_basic
D:2:      layout_loops_cross, serial_shops, shop, minmay_mini_jars
D:3:      layout_basic, hellmonk_ecumenical_altar_arch_garden,
          minmay_statues_item, minmay_lizard_king, uniq_grinder

Skill      XL: |  1  2  3 |
---------------+----------+-----
Maces & Flails | 2 |  2.8
Dodging        | 3 |  3.4
Shields        | 3 |  3.0
Fighting       | |  4.3
Stealth        | |  0.2

Action                   |  1- 3 |  4- 6 || total
-------------------------+-------+-------++-------
Melee: Flail             |   123 |    29 ||   152
  Use: Scroll            |     2 |     6 ||     8
Armor: Robe              |    37 |    10 ||    47
Dodge: Dodged            |    47 |    13 ||    60
Block: Kite shield       |    57 |    12 ||    69

Table legend: (Time is in decaauts)
 A = Elapsed time spent in this place.
 B = Non-inter-level travel time spent in this place.
 C = Inter-level travel time spent in this place.
 D = Time resting spent in this place.
 E = Time spent auto-exploring this place.
 F = Levels seen in this place.
 G = Mean time per level.
                   A        B        C        D        E       F      G
               +--------+--------+--------+--------+--------+-----+--------+
         Total |   1839 |   1789 |     50 |      0 |   1317 |   3 |  613.0 |
       Dungeon |   1839 |   1789 |     50 |      0 |   1317 |   3 |  613.0 |
               +--------+--------+--------+--------+--------+-----+--------+

Top non-repeatable levels by time:
     D:2: 947 daAuts
     D:1: 827 daAuts
     D:3: 64 daAuts
